 Dungeon Crawl Stone Soup version 0.31-a0-152-g6aa68a64a1 (webtiles) character file.

Game seed: 16910088497590345006

107 qw the Shooter (level 4, -7/42 HPs)
             Began as a Naga Hunter on June 10, 2023.
             Mangled by an ice beast (14 damage)
             ... on level 2 of the Dungeon.
             The game lasted 00:00:35 (1259 turns).

qw the Shooter (Naga Hunter)                        Turns: 1259, Time: 00:00:36

Health: -7/42      AC:  3    Str: 13    XL:     4   Next: 86%
Magic:  4/4        EV:  9    Int:  9    God:
Gold:   12         SH:  0    Dex: 17    Spells: 3/3 levels left

rFire   + . .        Y - +0 shortbow
rCold   . . .        (shield currently unavailable)
rNeg    . . .        c - +0 leather armour
rPois   +            b - +0 helmet
rElec   .            (no cloak)
rCorr   .            (no gloves)
SInv    +            (no barding)
Will    .....        (no amulet)
Stlth   ++           d - +4 ring of slaying {mikee}
HPRegen 0.27/turn    i - ring of protection from fire
MPRegen 0.09/turn

%: no passive effects
@: very slow
A: AC +1, large, see invisible, deformed body, poison resistance, slowness 2,
spit poison 1, naga tail 1
a: Spit Poison


You were on level 2 of the Dungeon.
You visited 1 branch of the dungeon, and saw 3 of its levels.

You collected 106 gold pieces.
You spent 94 gold pieces at shops.


Innate Abilities, Weirdness & Mutations

Your serpentine skin is tough. (AC +1)
You have supernaturally acute eyesight. (SInv)
Armour fits poorly on your strangely shaped body.
Your system is resistant to poisons. (rPois)
You cover ground very slowly.
You can spit poison.
You have a snake-like lower body.


   Skills:
 - Level 3.0 Fighting
 + Level 5.1 Ranged Weapons
 - Level 1.5 Dodging
 - Level 1.5 Stealth


You had 3 spell levels left.
You didn't know any spells.
Your spell library was empty.

Inventory:

Hand Weapons
 Y - a +0 shortbow (weapon)
Armour
 b - a +0 helmet (worn)
 c - a +0 leather armour (worn)
Jewellery
 d - a +4 ring of slaying (left hand) {mikee}
 i - a ring of protection from fire (right hand)
Potions
 e - a potion of curing {unknown}
 h - a potion of cancellation {unknown}
 j - a potion of brilliance {unknown}

Dungeon Overview and Level Annotations

Branches:
Dungeon (3/15)

Altars:

Shops:
D:2 *


Message History

1229 ||| DRINKING 2 golden potions.
It was a potion of magic.
Magic courses through your body.
Done exploring.
1230 ||| DROPPING potion of magic.
You drop a potion of magic.
Done exploring.
(D) Dungeon
Where to? (* - list waypoints, Enter - D:2, ? - help)
What level of the Dungeon? (default 1, ? - help)
Things that are here:
a +0 dagger; 2 stones; a kobold skeleton
There is a stone staircase leading down here.
You climb downwards.
There is a stone staircase leading up here.
An ice beast is nearby!
Waypoint 2 assigned to D:3.
You shoot an arrow. The arrow closely misses the ice beast.
The ice beast misses you.
You shoot an arrow. The arrow hits the ice beast.
The ice beast is lightly wounded.
The ice beast hits you. The ice beast freezes you!
1256 ||| STAIRDANCE The ice beast hits you.
The ice beast freezes you!
You climb upwards.
There is a stone staircase leading down here.
Enter note:
Enter note:
Enter note:
Enter note:
Enter note:
Enter note:
Enter note:
Enter note:
Enter note: You shoot an arrow.
The arrow hits the ice beast!
The ice beast is heavily wounded.
The ice beast hits you. The ice beast freezes you.
You shoot an arrow. The arrow hits the ice beast.
The ice beast is severely wounded.
The ice beast hits you. The ice beast freezes you!
You die...

.#######....#.####
.................#
.#######...#.....######
....###..).###........#
#.#..#.....# ##...#####
#......#...#####..#####
###....######.........##
###.#...#####..........#
#.).#...........@......##
#.#####.#####...Y.......##
..# #...###.........#..#
#.# ###.............####
#.## ###...........# #..##
##............####
#...#####..##....##......#
#.#.##.....#####.####....#
#.......#### #.# #....#


You could see an ice beast.

Vanquished Creatures
  Jessica (D:2)
  Robin (D:2)
  An adder (D:2)
  4 endoplasms
  13 goblins
  10 hobgoblins
  3 jackals (D:1)
  2 quokkas (D:1)
  5 ball pythons
  4 bats
  3 frilled lizards (D:2)
  6 kobolds
  6 rats
59 creatures vanquished.

Notes
Turn   | Place    | Note
-------+----------+-------------------------------------------
     0 | D:1      | qw the Naga Hunter began the quest for the Orb.
     0 | D:1      | Reached XP level 1. HP: 19/19 MP: 1/1
     0 | D:1      | 0 ||| qw: Version: 0.2-a-123-gb51047a
     0 | D:1      | 0 ||| qw: Game counter: 3773
     0 | D:1      | 0 ||| qw: Always use a shield: true
     0 | D:1      | 0 ||| qw: God list: Okawaru
     0 | D:1      | 0 ||| qw: Allow faded altars: false
     0 | D:1      | 0 ||| qw: Do Orc after D:15 true
     0 | D:1      | 0 ||| qw: Do second Lair branch before Depths: true
     0 | D:1      | 0 ||| qw: Lair rune preference: random
     0 | D:1      | 0 ||| qw: Plans: Normal
     0 | D:1      | 0 ||| PLANNING D:1-11
     3 | D:1      | 3 ||| INVOKING Spit Poison.
     7 | D:1      | 7 ||| INVOKING Spit Poison.
    47 | D:1      | 47 ||| INVOKING Spit Poison.
    63 | D:1      | 63 ||| INVOKING Spit Poison.
   192 | D:1      | 192 ||| INVOKING Spit Poison.
   193 | D:1      | Reached skill level 4 in Ranged Weapons
   193 | D:1      | Reached XP level 2. HP: 26/26 MP: 2/2
   250 | D:1      | 250 ||| INVOKING Spit Poison.
   312 | D:1      | 312 ||| INVOKING Spit Poison.
   315 | D:1      | 315 ||| INVOKING Spit Poison.
   319 | D:1      | 319 ||| INVOKING Spit Poison.
   389 | D:1      | 389 ||| INVOKING Spit Poison.
   420 | D:1      | 420 ||| INVOKING Spit Poison.
   436 | D:1      | 436 ||| INVOKING Spit Poison.
   502 | D:1      | 502 ||| INVOKING Spit Poison.
   505 | D:1      | 505 ||| INVOKING Spit Poison.
   506 | D:1      | 506 ||| INVOKING Spit Poison.
   508 | D:1      | Reached XP level 3. HP: 25/32 MP: 3/3
   509 | D:1      | 509 ||| INVOKING Spit Poison.
   560 | D:1      | 560 ||| INVOKING Spit Poison.
   610 | D:1      | 610 ||| INVOKING Spit Poison.
   680 | D:1      | 680 ||| UPGRADING to +4 ring of slaying {mikee}.
   681 | D:1      | 681 ||| READING scroll labelled FUKKOXZOZO.
   682 | D:1      | 682 ||| DROPPING scroll of butterflies.
   726 | D:2      | 726 ||| INVOKING Spit Poison.
   753 | D:2      | 753 ||| INVOKING Spit Poison.
   817 | D:2      | 817 ||| INVOKING Spit Poison.
   824 | D:2      | 824 ||| INVOKING Spit Poison.
   827 | D:2      | Noticed Robin
   830 | D:2      | 830 ||| INVOKING Spit Poison.
   830 | D:2      | Killed Robin
   832 | D:2      | Reached skill level 5 in Ranged Weapons
   832 | D:2      | Reached XP level 4. HP: 39/39 MP: 4/4
   835 | D:2      | 835 ||| INVOKING Spit Poison.
   892 | D:2      | 892 ||| INVOKING Spit Poison.
   904 | D:2      | 904 ||| INVOKING Spit Poison.
   910 | D:2      | Found Emell's Assorted Antiques.
   922 | D:2      | 922 ||| SHOPLISTING agate ring (125 gold, have 94).
   922 | D:2      | 922 ||| SHOPLISTING dazzling longbow (287 gold, have 94).
   922 | D:2      | 922 ||| BUYING glowing orange potion (22 gold).
   922 | D:2      | Bought a glowing orange potion for 22 gold pieces
   922 | D:2      | 922 ||| BUYING golden potion (22 gold).
   922 | D:2      | Bought a golden potion for 22 gold pieces
   922 | D:2      | 922 ||| SHOPLISTING runed hat (175 gold, have 50).
   922 | D:2      | 922 ||| BUYING scroll labelled FINOKLI NATUO (25 gold).
   922 | D:2      | Bought a scroll labelled FINOKLI NATUO for 25 gold pieces
   922 | D:2      | 922 ||| BUYING scroll labelled QUWNUREMPY (25 gold).
   922 | D:2      | Bought a scroll labelled QUWNUREMPY for 25 gold pieces
   924 | D:2      | 924 ||| INVOKING Spit Poison.
   942 | D:2      | 942 ||| INVOKING Spit Poison.
   946 | D:2      | 946 ||| INVOKING Spit Poison.
   983 | D:2      | 983 ||| INVOKING Spit Poison.
  1054 | D:2      | Noticed Jessica
  1057 | D:2      | 1057 ||| INVOKING Spit Poison.
  1058 | D:2      | Killed Jessica
  1059 | D:2      | Reached skill level 3 in Fighting
  1113 | D:2      | 1113 ||| INVOKING Spit Poison.
  1116 | D:2      | 1116 ||| INVOKING Spit Poison.
  1213 | D:2      | 1213 ||| UPGRADING to +0 helmet.
  1218 | D:2      | 1218 ||| UPGRADING to ring of protection from fire.
  1219 | D:2      | 1219 ||| READING scroll labelled AHAOSA XOABIRGH.
  1220 | D:2      | 1220 ||| READING scroll labelled FYSKASO QOEZETH.
  1221 | D:2      | 1221 ||| READING scroll labelled FINOKLI NATUO.
  1222 | D:2      | 1222 ||| READING scroll labelled QUWNUREMPY.
  1223 | D:2      | 1223 ||| READING scroll labelled FOAC BITWEUPRE.
  1224 | D:2      | 1224 ||| READING scroll labelled UPYCUNK KETH.
  1229 | D:2      | 1229 ||| DRINKING 2 golden potions.
  1230 | D:2      | 1230 ||| DROPPING potion of magic.
  1253 | D:3      | Noticed an ice beast
  1256 | D:3      | 1256 ||| STAIRDANCE
  1259 | D:2      | HP: 7/42 [ice beast (4)]
  1259 | D:2      | Mangled by an ice beast

Levels and vault maps discovered:
D:1:      dpeg_arrival_round_a, layout_loops_cross, minmay_pentomino_z4
D:2:      layout_rooms, serial_shops, nicolae_shop_stone, uniq_robin,
          uniq_jessica
D:3:      layout_basic, kennysheep_okawaru_gauntlet, serial_co_window_serial,
          co_window_paths_a, co_window_corner_a, co_window_paths_a,
          co_window_paths_b, co_window_corner_a, co_window_paths_b,
          co_window_corner_a, co_window_of_opportunity_c, co_window_broadway_a,
          co_window_2corner, co_window_corner_ca, co_window_cross_4,
          co_window_cross_3, co_window_2corner, glass_columns_c

Skill      XL: |  1  2  3  4 |
---------------+-------------+-----
Ranged Weapons | 4 5 |  5.1
Fighting       | 3 |  3.0
Dodging        | |  1.5
Stealth        | |  1.5

Action                     |  1- 3 |  4- 6 || total
---------------------------+-------+-------++-------
   Fire: Shortbow          |    62 |    28 ||    90
Ability: Spit Poison       |    22 |    10 ||    32
    Use: Scroll            |     1 |     6 ||     7
         Potion            |       |     1 ||     1
 Armour: Leather armour    |     7 |       ||     7
  Dodge: Dodged            |     9 |     4 ||    13

Table legend:
 A = Non-vault XP
 B = Vault XP
 C = Vault XP percentage of total XP
 D = Non-vault monster count
 E = Vault monster count
 F = Vault count percentage of total count
                 A         B        C        D         E       F
            +---------+---------+-------+---------+---------+-------
      Total |      82 |      72 |  46.8 |      45 |      14 |  23.7
            +---------+---------+-------+---------+---------+-------
        D:1 |      36 |       3 |   7.7 |      22 |       2 |   8.3
        D:2 |      46 |      69 |  60.0 |      23 |      12 |  34.3
            +---------+---------+-------+---------+---------+-------
